 Dungeon Crawl Stone Soup version 0.29-a0-72-g1732ff48e7 (webtiles) character file.

Game seed: 15132401975582493355

72 testman the Insei (level 4, 0/29 HPs)
             Began as an Octopode Transmuter on Feb 3, 2022.
             Slain by a ball python (1 damage)
             ... on level 3 of the Dungeon.
             The game lasted 00:08:41 (2362 turns).

testman the Insei (Octopode Transmuter)             Turns: 2362, Time: 00:08:41

Health: 0/29       AC:  1    Str:  9    XL:     4   Next: 25%
Magic:  6/7        EV: 10    Int: 17    God:
Gold:   29         SH:  0    Dex: 12    Spells: 1/7 levels left

rFire   . . .      SeeInvis .     - Unarmed
rCold   . . .      Faith    .   (no shield)
rNeg    . . .      Spirit   .   (helmet restricted)
rPois   .          Reflect  .   (no amulet)
rElec   .          Harm     .   (no ring)
rCorr   .          Rampage  .   (no ring)
Will    .....                   (no ring)
Stlth   ++........              (no ring)
HPRegen 0.09/turn               (no ring)
MPRegen 0.10/turn               (no ring)
                                (no ring)
                                (no ring)

@: mighty, brilliant, constricted
A: almost no armour, amphibious, 8 rings, camouflage 1, gelatinous body 1,
(nimble swimmer 1), tentacles
a: no special abilities


You were on level 3 of the Dungeon.
You visited 1 branch of the dungeon, and saw 3 of its levels.

You collected 29 gold pieces.

Inventory:

Missiles
 b - 4 javelins
 g - 8 stones
Scrolls
 d - 2 scrolls of noise {unknown}
 f - 2 scrolls of magic mapping {unknown}
 h - a scroll of brand weapon {unknown}
 i - 2 scrolls of teleportation {unknown}
 j - 2 scrolls of identify {unknown}
Potions
 a - a potion of might
 e - a potion of brilliance


   Skills:
 - Level 2.1 Fighting
 - Level 2.0 Dodging
 - Level 3.5 Unarmed Combat
 - Level 2.0 Spellcasting
 + Level 2.3 Transmutations
 + Level 2.6 Poison Magic


You had one spell level left.
You knew the following spells:

 Your Spells              Type           Power      Damage    Failure   Level
a - Beastly Appendage     Tmut           28%        N/A       8%          1
b - Wereblood             Tmut           14%        N/A       11%         2
c - Spider Form           Tmut/Pois      15%        N/A       22%         3

Your spell library contained the following spells:

 Spells                   Type           Power      Damage    Failure   Level
 Magic Dart               Conj           8%         1d3       19%         1
 Searing Ray              Conj           4%         2d4       28%         2
 Ice Form                 Ice/Tmut       8%         N/A       75%         4
 Fulminant Prism          Conj/Hex       1%         3d6       88%         4


Dungeon Overview and Level Annotations

Branches:
Dungeon (3/15)

Altars:


Innate Abilities, Weirdness & Mutations

You cannot wear most types of armour.
You are amphibious.
You can wear up to eight rings at the same time.
Your skin changes colour to match your surroundings (Stealth+).
Your rubbery body absorbs attacks. (AC +1, EV +1)
((You are camouflaged when in or above water. (Stealth+)))
You have tentacles for arms and can constrict up to eight enemies at once.


Message History

You kill the orc!
The orc closely misses you.
The orc priest calls down the wrath of Beogh upon you.
Beogh smites you! The ball python bites you. The ball python barely misses you.
You hit the orc.
You kill the orc!
The ball python closely misses you. x2
You barely miss the ball python. The ball python closely misses you.
The ball python misses you.
You hit the ball python.
The ball python is poisoned.
The ball python is moderately wounded.
Your transformation has ended.
The ball python bites you. The ball python grabs you.
The ball python constricts you.
You escape the ball python's grasp.
There is an escape hatch in the ceiling here.
The orc priest invokes the aid of Beogh against you.
Beogh smites you!
* * * LOW HITPOINT WARNING * * *
There is a stone staircase leading up here.
The ball python closely misses you. The ball python grabs you.
You stop ascending the stairs.
The ball python constricts you.
* * * LOW HITPOINT WARNING * * *
It was a potion of might.
You feel very mighty all of a sudden.
The ball python looks more healthy.
The ball python completely misses you. The ball python constricts you.
* * * LOW HITPOINT WARNING * * *
The ball python bites you.
* * * LOW HITPOINT WARNING * * *
The ball python constricts you.
It was a potion of brilliance.
You feel clever all of a sudden. The ball python misses you.
The ball python constricts you.
* * * LOW HITPOINT WARNING * * *
As you read the scroll labelled UHINLA NUATHRO, it crumbles to dust.
It is a scroll of enchant armour.
You aren't carrying any armour which can be enchanted further.
The ball python bites you.
You die...

....###
#####......[
##...........
##.......<>...
#...†.........
#......)......
#.....?)......
#...S.........
#..@w.........
##..o.........
##.....#.....
########..##
..# ..


You could see an orc priest, a dart slug and a ball python.

Vanquished Creatures
  A gnoll (D:1)
  2 dart slugs
  4 orcs (D:3)
  2 endoplasms
  A giant cockroach (D:2)
  7 goblins
  4 hobgoblins
  7 kobolds
  5 quokkas
  3 ball pythons
  3 bats
  5 frilled lizards
  7 rats
51 creatures vanquished.

Notes
Turn   | Place    | Note
-------+----------+-------------------------------------------
     0 | D:1      | testman the Octopode Transmuter began the quest for the
                  | Orb.
     0 | D:1      | Reached XP level 1. HP: 13/13 MP: 3/3
    83 | D:1      | Reached XP level 2. HP: 17/18 MP: 3/5
    86 | D:1      | Learned a level 2 spell: Wereblood
   207 | D:1      | Reached XP level 3. HP: 13/24 MP: 4/6
   211 | D:1      | Learned a level 3 spell: Spider Form
   399 | D:1      | Reached skill level 1 in Poison Magic
  1124 | D:2      | Found a faded altar of an unknown god.
  1815 | D:2      | Reached XP level 4. HP: 19/29 MP: 5/7
  2360 | D:3      | HP: 1/29 [ball python (1)]
  2362 | D:3      | Slain by a ball python

Illustrated notes

Levels and vault maps discovered:
D:1:      ebering_trefoil_3fold, layout_rooms, chequers_serial_rivers_room_b,
          kennysheep_nondescript, minmay_statues_item
D:2:      layout_loops_corners, shapermc_ecumenical_altar_mp_ritualfount,
          moated_statue, minmay_misc_feat_x, grunt_ministairs_1
D:3:      layout_rooms, minmay_misc_feat_alley,
          wander_ebering_terrifying_dragon_lair

Skill      XL: |  1  2  3 |
---------------+----------+-----
Fighting       | 2 |  2.1
Poison Magic   | 2 |  2.6
Dodging        | |  2.0
Unarmed Combat | |  3.5
Spellcasting   | |  2.0
Transmutations | |  2.3

Action                   |  1- 3 |  4- 6 || total
-------------------------+-------+-------++-------
Melee: Unarmed           |    85 |    16 ||   101
       Constrict         |    22 |     2 ||    24
       Tentacles         |    12 |     1 ||    13
       Kick              |    16 |     1 ||    17
       Punch             |     5 |       ||     5
 Cast: Beastly Appendage |    20 |     2 ||    22
       Spider Form       |       |     1 ||     1
  Use: Potion            |       |     2 ||     2
       Scroll            |       |     1 ||     1
 Stab: Sleeping          |     5 |     1 ||     6
Armor: Skin              |     9 |     1 ||    10
Dodge: Dodged            |    43 |    17 ||    60

Table legend: (Time is in decaauts)
 A = Elapsed time spent in this place.
 B = Non-inter-level travel time spent in this place.
 C = Inter-level travel time spent in this place.
 D = Time resting spent in this place.
 E = Time spent auto-exploring this place.
 F = Levels seen in this place.
 G = Mean time per level.
                   A        B        C        D        E       F      G
               +--------+--------+--------+--------+--------+-----+--------+
         Total |   2356 |   2287 |     69 |    400 |   1513 |   3 |  785.3 |
       Dungeon |   2356 |   2287 |     69 |    400 |   1513 |   3 |  785.3 |
               +--------+--------+--------+--------+--------+-----+--------+

Top non-repeatable levels by time:
     D:2: 1419 daAuts
     D:1: 916 daAuts
     D:3: 20 daAuts
